 Dungeon Crawl Stone Soup version 0.32-a0-12-g7fc57aa741 (webtiles) character file.

Game seed: 11585562919884589324

8271 anacleto the Metamorph (level 11, 0/91 HPs)
             Began as a Troll Shapeshifter on Jan 14, 2024.
             Was a Follower of the Shining One.
             Slain by a centaur (3 damage)
             ... on level 9 of the Dungeon.
             The game lasted 00:28:07 (9626 turns).

anacleto the Metamorph (Troll Shapeshifter)         Turns: 9626, Time: 00:28:09

Health: 0/91       AC:  7    Str: 28    XL:     11   Next: 7%
Magic:  10/10      EV:  9    Int:  6    God:    the Shining One [*.....]
Gold:   1009       SH:  5    Dex:  9    Spells: 10/10 levels left

rFire   . .          .
                       - Unarmed
rCold   . . .        (shield currently unavailable)
rNeg    . . .        C - +2 steam dragon scales
rPois   .            (helmet restricted)
rElec   .            (no cloak)
rCorr   .            (gloves unavailable)
SInv    .            (boots unavailable)
Will    .....        y - amulet of reflection
Stlth   +            (no ring)
HPRegen 1.15/turn    (no ring)
MPRegen 0.12/turn

%: reflection
@: about to teleport, blade hands, glowing
A: large, unfitting armour, (claws 3), regeneration 1, shaggy fur 1, tough skin
1
a: Begin Untransformation, Renounce Religion, Divine Shield


You were on level 9 of the Dungeon.
You worshipped the Shining One.
The Shining One was aware of your devotion.
You had blades for hands.
You visited 2 branches of the dungeon, and saw 10 of its levels.
You also visited: Bailey.

You collected 1009 gold pieces.

Inventory:

Hand Weapons
 f - a +0 whip
Missiles
 a - 46 poisoned darts
 w - 3 large rocks
 z - 14 boomerangs (quivered)
Armour
 C - +2 steam dragon scales (worn)
Jewellery
 y - an amulet of reflection (around neck)
 F - a ring of flight
Talismans
 c - a beast talisman
 d - a flux talisman
 k - a serpent talisman
 x - a blade talisman (active)
 J - a maw talisman
Wands
 p - a wand of polymorph (5)
 s - a wand of mindburst (8)
 u - a wand of quicksilver (16)
 H - a wand of paralysis (2)
Scrolls
 h - 2 scrolls of enchant weapon
 i - a scroll of immolation {unknown}
 j - a scroll of enchant armour
 l - 2 scrolls of poison {unknown}
 m - 2 scrolls of vulnerability
 n - 3 scrolls of noise
 q - 3 scrolls of teleportation
 r - a scroll of torment {unknown}
 t - a scroll of amnesia
 E - 2 scrolls of fear {unknown}
 I - a scroll of brand weapon {unknown}
Potions
 b - a potion of cancellation {unknown}
 e - a potion of might {unknown}
 g - 2 potions of enlightenment {unknown}
 o - 3 potions of curing
 A - 2 potions of haste {unknown}
 B - a potion of attraction {unknown}
 D - a potion of ambrosia {unknown}
 G - a potion of mutation {unknown}


   Skills:
 - Level 1.0 Fighting
 - Level 3.1 Throwing
 - Level 0.3 Armour
 - Level 1.8 Dodging
 - Level 0.3 Shields
 - Level 3.1 Unarmed Combat
 - Level 0.3 Invocations
 * Level 15.3 Shapeshifting


You had 10 spell levels left.
You didn't know any spells.
Your spell library contained the following spells:

 Spells                   Type           Power      Damage    Failure   Level
 Lesser Beckoning         Tloc           0%         N/A       58%         2
 Gell's Gravitas          Tloc           0%         N/A       83%         3
 Ozocubu's Armour         Ice            0%         N/A       83%         3
 Summon Ice Beast         Ice/Summ       0%         N/A       83%         3
 Teleport Other           Tloc           0%         N/A       83%         3
 Animate Armour           Summ/Erth      0%         N/A       99%         4
 Summon Lightning Spire   Summ/Air       0%         N/A       99%         4
 Lee's Rapid Deconstruct  Erth           0%         3d4*      100%        5
 Metabolic Englaciation   Hex/Ice        0%         N/A       100%        5
 Summon Forest            Summ/Tloc      0%         N/A       100%        5
 Summon Mana Viper        Hex/Summ       0%         N/A       100%        5
 Eringya's Noxious Bog    Alch           0%         4d6       100%        6
 Sculpt Simulacrum        Ice/Alch       0%         N/A       100%        6
 Monstrous Menagerie      Summ           0%         N/A       100%        7
 Summon Hydra             Summ           0%         N/A       100%        7


Dungeon Overview and Level Annotations

Branches:
Dungeon (9/15)             Temple (1/1) D:5            Lair (0/5) D:9
 Bailey (visited)
    Orc: D:9-12

Altars:
Ashenzari
Cheibriados
Elyvilon
Fedhas
Gozag
Kikubaaqudgha
Makhleb
Nemelex Xobeh
Okawaru
Qazlal
Ru
Sif Muna
Trog
Uskayaw
Vehumet
Wu Jian
Xom
Yredelemnul
Zin
The Shining One
Lugonu

Shops:
D:6 :

Annotations:
D:3 3 runed translucent doors, knightboat's ghost, amateur OnWr


Innate Abilities, Weirdness & Mutations

You have blades for hands.
You are incapable of wielding weapons or throwing items.
You are too large for most types of armour.
((You have claws for hands.))
Your natural rate of healing is unusually fast.
You are covered in fur. (AC +1)
You have tough skin. (AC +1)


Message History

The centaur shoots an arrow.
The arrow hits you!
An electric eel comes into view.
The centaur shoots an arrow.
The arrow hits you!
The centaur shoots an arrow.
The arrow hits you!
The electric eel shoots out a bolt of lightning at you!
The bolt of electricity hits you!
The centaur shoots an arrow.
The arrow closely misses you.
You hear a shout!
The centaur shoots an arrow.
The arrow hits you.
A centaur comes into view.
The centaur shoots an arrow.
The arrow barely misses you.
The centaur wields a +0 orcbow.
The centaur shoots an arrow.
The arrow barely misses you.
The centaur shoots an arrow.
The arrow hits you.
A centaur is nearby!
The centaur shoots an arrow.
The arrow barely misses you.
The centaur shoots an arrow.
The arrow hits you.
The centaur shoots an arrow.
The arrow barely misses you.
The centaur shoots an arrow.
The arrow hits you!
The centaur shoots an arrow.
The arrow hits you!
The centaur shoots an arrow.
You block the arrow with an invisible shield... and reflect it back!
The arrow closely misses the centaur.
An electric eel comes into view.
The centaur unwields a +0 shortbow.
The centaur barely misses you.
The centaur kicks you but does no damage.
The centaur shoots an arrow.
The arrow hits you!
* * * LOW HITPOINT WARNING * * *
The centaur closely misses you.
The centaur kicks you but does no damage.
As you read the scroll of teleportation, it crumbles to dust.
You feel strangely unstable.
The centaur shoots an arrow.
The arrow hits you!
* * * LOW HITPOINT WARNING * * *
The centaur closely misses you. You block the centaur's attack.
The centaur shoots an arrow.
The arrow closely misses you.
As you read the scroll of fog, it dissolves into smoke.
The centaur hits you but does no damage.
The centaur kicks you but does no damage.
The centaur shoots an arrow.
The arrow hits you!
* * * LOW HITPOINT WARNING * * *
The centaur hits you.
You die...

.## #..# **#,,,~~~~~~~~~~~,,* ..#
#..# *,~~~≈.~~~,~~~~~^* #.#
#..#### *,*~~~*~≈~*~~~*~~,
#.####.....# #####.###.##*,***~~
#.......##.####..#...#...#.,,*,,,
######...........c.........,,,,,,
####.#.........§§........,,,,,,
#...........§§§§....)...,,,,,,,
###............§@c§.......,,,,,,,
.##............§§#...#...*,,,*,,,
...............####.##*,***,***,~
###......#######,#~≈~#~~~*~~~*,~~
#......# *..≈≈~.~~~,~~~~~~*
#...>..# #~~~~~~~~~~~,~*,**
#......# #~~~~~~~~~~.*,,**~
#......# ##........P#*,**~~
#......# *#.#...#...#,**~~~


You could see 2 centaurs.

Vanquished Creatures
  Erolcha (D:9)
  Pikel (D:8)
  Maurice (D:8)
  Maggie (D:6)
  2 komodo dragons (D:9)
  4 slime creatures
  A wyvern (D:9)
  4 yaks
  A basilisk (D:9)
  Menkaure (D:6)
  A steam dragon (D:5)
  Edmund (D:6)
  Duvessa (D:6)
  An ice beast (D:5)
  2 black bears (D:5)
  A swamp drake (D:9)
  5 orc warriors (Bailey)
  A sky beast (D:7)
  3 ogres
  2 centaurs
  10 kobold brigands
  3 bullfrogs
  A gnoll sergeant (D:7)
  4 scorpions
  5 wights (D:9)
  Dowan (D:6)
  A howler monkey (D:5)
  3 electric eels (D:8)
  5 hounds
  2 jellies
  7 orc priests
  5 iguanas
  2 sleepcaps
  Jessica (D:2)
  Natasha (thrice) (D:2)
  7 orc wizards
  4 gnolls (D:7)
  4 adders
  A shadow imp (D:7)
  A white imp (D:5)
  5 dart slugs
  4 ribbon worms
  37 orcs
  8 bats
  9 endoplasms
  3 giant cockroaches
  4 hobgoblins
  4 jackals (D:1)
  4 quokkas
  A ball python (D:3)
  2 frilled lizards (D:3)
  10 goblins
  29 kobolds
  5 rats
230 creatures vanquished.

Vanquished Creatures (others)
  A kobold (D:8)
1 creature vanquished.

Grand Total: 231 creatures vanquished

Notes
Turn   | Place    | Note
-------+----------+-------------------------------------------
     0 | D:1      | anacleto the Troll Shapeshifter began the quest for the
                  | Orb.
     0 | D:1      | Reached XP level 1. HP: 18/18 MP: 0/0
   138 | D:1      | Reached XP level 2. HP: 21/26 MP: 1/1
   268 | D:1      | Reached skill level 1 in Fighting
   431 | D:1      | Reached XP level 3. HP: 33/33 MP: 2/2
   498 | D:2      | Noticed Jessica
   559 | D:2      | Found an ornate altar of the Wu Jian Council.
   586 | D:2      | Killed Jessica
   587 | D:2      | Reached skill level 4 in Shapeshifting
   723 | D:2      | Reached XP level 4. HP: 41/41 MP: 3/3
   875 | D:2      | Noticed Natasha
   889 | D:2      | Killed Natasha
   893 | D:2      | Noticed Natasha
   898 | D:2      | Killed Natasha
  1036 | D:2      | Noticed Natasha
  1047 | D:2      | Killed Natasha
  1048 | D:2      | Reached skill level 5 in Shapeshifting
  1048 | D:2      | Reached XP level 5. HP: 22/48 MP: 4/4
  1403 | D:3      | Found a runed translucent gate.
  1404 | D:3      | Found a runed translucent gate.
  1404 | D:3      | Noticed knightboat's ghost (amateur OnWr)
  1405 | D:3      | Found a runed translucent gate.
  1439 | D:3      | Reached XP level 6. HP: 45/55 MP: 5/5
  1440 | D:3      | Reached skill level 6 in Shapeshifting
  1465 | D:3      | Found a faded altar of an unknown god.
  1836 | D:4      | Found a shimmering altar of Xom.
  2731 | D:5      | Entered Level 5 of the Dungeon
  2790 | D:5      | Noticed an ice beast
  2806 | D:5      | Killed an ice beast
  2807 | D:5      | Reached skill level 7 in Shapeshifting
  2807 | D:5      | Reached XP level 7. HP: 62/62 MP: 6/6
  2917 | D:5      | Found a staircase to the Ecumenical Temple.
  2929 | Temple   | Entered the Ecumenical Temple
  3029 | D:5      | Reached skill level 1 in Throwing
  3048 | D:5      | Found a sacrificial altar of Ru.
  3222 | D:5      | Reached skill level 8 in Shapeshifting
  3436 | D:5      | Reached XP level 8. HP: 65/70 MP: 7/7
  3742 | D:5      | Found a bloodstained altar of Trog.
  3880 | D:5      | Found a burning altar of Makhleb.
  4085 | D:5      | Reached skill level 9 in Shapeshifting
  4582 | D:6      | Noticed Edmund
  4592 | D:6      | Killed Edmund
  4688 | D:6      | Found Fockips's Book Boutique.
  4688 | D:6      | Noticed a walking crystal tome
  4689 | D:6      | Noticed a walking divine tome
  4725 | D:6      | Found a basalt altar of Yredelemnul.
  4741 | D:6      | Reached skill level 10 in Shapeshifting
  4805 | D:6      | Found an iron altar of Okawaru.
  4818 | D:6      | Noticed Duvessa
  4831 | D:6      | Killed Duvessa
  4842 | D:6      | Noticed Dowan
  4850 | D:6      | Killed Dowan
  4871 | D:6      | Found an ornate altar of the Wu Jian Council.
  4874 | D:6      | Noticed Menkaure
  4875 | D:6      | Noticed Maggie
  4879 | D:6      | Killed Menkaure
  4880 | D:6      | Reached XP level 9. HP: 74/76 MP: 8/8
  4885 | D:6      | Killed Maggie
  4886 | D:6      | Reached skill level 11 in Shapeshifting
  5500 | D:7      | Found a white marble altar of Elyvilon.
  5853 | D:7      | Found an ancient bone altar of Kikubaaqudgha.
  6386 | D:8      | Reached skill level 12 in Shapeshifting
  6549 | D:8      | Noticed Pikel
  6563 | D:8      | Killed Pikel
  6564 | D:8      | Reached XP level 10. HP: 84/84 MP: 9/9
  6567 | D:8      | Noticed Maurice
  7360 | D:7      | Reached skill level 13 in Shapeshifting
  7587 | D:8      | Found a glowing golden altar of the Shining One.
  7595 | D:8      | Became a worshipper of the Shining One
  7984 | D:8      | Maurice stole a flux talisman
  7986 | D:8      | Killed Maurice
  8037 | D:8      | Found a shimmering blue altar of Sif Muna.
  8496 | D:9      | Found a flagged portal.
  8511 | Bailey   | Entered a bailey
  8552 | Bailey   | Reached skill level 14 in Shapeshifting
  8831 | Bailey   | Found a bloodstained altar of Trog.
  9161 | D:9      | Found a staircase to the Lair.
  9187 | D:9      | Reached skill level 15 in Shapeshifting
  9283 | D:9      | Noticed Erolcha
  9301 | D:9      | Reached * piety under the Shining One
  9327 | D:9      | Killed Erolcha
  9328 | D:9      | Reached XP level 11. HP: 9/91 MP: 10/10
  9626 | D:9      | HP: 3/91 [centaur/arrow (12)]
  9626 | D:9      | Slain by a centaur

Illustrated notes

Levels and vault maps discovered:
D:1:      minmay_arrival_diagonal_passages, layout_rooms
D:2:      layout_rooms, basic_altar, uniq_natasha, uniq_jessica
D:3:      layout_basic, hellmonk_ecumenical_altar_pennies_from_heaven,
          gammafunk_ghost_nasty_kobolds
D:4:      layout_loops_ring, kennysheep_mini_moat, serial_rivers,
          chequers_serial_rivers_micro_e, chequers_serial_rivers_room_a,
          chequers_serial_rivers_room_a, chequers_serial_rivers_room_b,
          chequers_serial_rivers_micro_b, wad_floor_pattern_untrapped
D:5:      cheibrodos_two_vegetables, layout_basic, trog_antimagical,
          lightli_temple_of_fire, kennysheep_little_box,
          minmay_temple_entry_overgrown
D:6:      layout_cave_pools, overflow_temple_1_default,
          overflow_temple_1_default, mainiacjoe_overflow_24_doors, serial_shops,
          nicolae_shop_mannequins, uniq_menkaure, uniq_duvessa, uniq_edmund,
          uniq_maggie
D:7:      layout_cave_pools, lemuel_doored_altar, mainiacjoe_overflow_catwalk
D:8:      statuecave_lemuel, layout_rooms, nicolae_overflow_crystal_walls,
          lemuel_blue_sif_altar, uniq_pikel, uniq_maurice
D:9:      wad_lake_hut, layout_rooms, erik_lair_dragon, enter_bailey_3,
          uniq_erolcha
Temple:   kb_corrupted_temple

Skill      XL: |  1  2  3  4  5  6  7  8  9 10 |
---------------+-------------------------------+-----
Fighting       | 1 |  1.0
Shapeshifting  | 4 5 7 8 10 12 15 | 15.3
Throwing       | 2 3 |  3.1
Armour         | |  0.3
Dodging        | |  1.8
Shields        | |  0.3
Unarmed Combat | |  3.1
Invocations    | |  0.3

Action                     |  1- 3 |  4- 6 |  7- 9 | 10-12 || total
---------------------------+-------+-------+-------+-------++-------
  Melee: Unarmed           |    63 |   118 |   259 |   191 ||   631
         Punch             |     1 |     4 |     5 |       ||    10
         Constrict         |       |       |    22 |    30 ||    52
  Throw: Large rock        |       |     1 |     1 |       ||     2
         Boomerang         |       |       |     4 |     3 ||     7
Ability: Begin Untransform |       |       |     2 |     2 ||     4
  Evoke: Wand              |       |       |       |     2 ||     2
    Use: Scroll            |       |     1 |     5 |     8 ||    14
         Potion            |       |     1 |       |     2 ||     3
 Armour: Animal skin       |    47 |    76 |   101 |       ||   224
         Skin              |       |     3 |   111 |   137 ||   251
         Steam dragon scal |       |       |       |    69 ||    69
  Dodge: Dodged            |    48 |    44 |   102 |   111 ||   305
  Block: Other             |       |       |    37 |    43 ||    80
         Reflection        |       |       |     2 |     5 ||     7
   Form: Serpent           |       |       |     2 |     1 ||     3
         Beast             |       |       |       |     1 ||     1
         Blade             |       |       |       |     1 ||     1

Table legend: (Time is in decaauts)
 A = Elapsed time spent in this place.
 B = Non-inter-level travel time spent in this place.
 C = Inter-level travel time spent in this place.
 D = Time resting spent in this place.
 E = Time spent auto-exploring this place.
 F = Levels seen in this place.
 G = Mean time per level.
                   A        B        C        D        E       F      G
               +--------+--------+--------+--------+--------+-----+--------+
         Total |   9628 |   8953 |    675 |   1767 |   4326 |  11 |  875.3 |
       Dungeon |   9157 |   8494 |    663 |   1723 |   4268 |   9 | 1017.4 |
        Temple |     67 |     55 |     12 |      0 |      0 |   1 |   67.0 |
        Bailey |    403 |    403 |      0 |     44 |     58 |   1 |  403.0 |
               +--------+--------+--------+--------+--------+-----+--------+

Top non-repeatable levels by time:
     D:5: 2293 daAuts
     D:7: 1307 daAuts
     D:8: 1237 daAuts
     D:4: 957 daAuts
     D:6: 781 daAuts
     D:9: 748 daAuts
     D:3: 725 daAuts
     D:2: 554 daAuts
     D:1: 550 daAuts
  Bailey: 403 daAuts
  Temple: 67 daAuts
